Plum, chaotic male elven Priest ----- |...| ----- |....#######.....# -------------------------------- |...|# #|...| |..............................| -----# #|.<.. |...--------..........--------.| ...--..|..-- ## ----- |...|+++|....----..|..|(((|..+.| ...........| ## ##|...|+]+|..|.....|.|..|(((|....| |..........| ### ##....|...||-|.._..|.-|-|...|---.| ..>........| ## ##|...-|---..|..........-|---....| |.S.%......| #`## ####|................|.............| |..@f......| #-----# # # |........{.--|----.{...........| ---.-------- #-....## ### ..................*............| # |...|# # |......--...........-+---|--...| # |....###### |...|...|-------.---| |[..|...| # |...| |...|...| |...-.-..| |(!!|...| # ----- |...|...| |)..|.|..|--|**.|....############## |...-----+------.----..-----...| |..............................| -------------------------------- Plum the Adept Experience level: 7 Strength: 12 Dexterity: 11 Constitution: 16 Intelligence: 12 Wisdom: 20 Charisma: 7 Health: 0(55) Energy: 108(115) Def: 8 Gold: 76 Moves: 3187 Dungeon seed: J2O7tLSKknvm7a3N Game ID: Plum_1615394243 Your Inventory: Coins $ - 76 gold pieces Weapons a - a blessed +1 mace (weapon in hand) l - a +2 orcish dagger p - 10 +2 arrows r - a +0 bow (alternate weapon; not wielded) u - a +0 elven dagger M - 13 +0 arrows X - 6 +0 silver arrows Armor e - a blessed +1 robe (being worn) n - a +0 small shield (being worn) I - a blessed +0 dwarvish iron helm (being worn) J - a +0 pair of iron shoes (being worn) Comestibles c - 2 cloves of garlic d - a sprig of wolfsbane m - a food ration t - an apple B - a lembas wafer Scrolls D - a scroll of teleportation Q - a scroll of destroy armor Spellbooks f - a spellbook of extra healing g - a spellbook of cure blindness Potions b - 4 potions of holy water E - a potion of gain energy K - a potion of gain level Tools h - a magic marker (0:45) j - a lock pick k - a +0 pick-axe x - 4 tallow candles (0:200) T - a cursed oil lamp (0:1231) V - 6 blessed wax candles (0:400) Gems y - a worthless piece of blue glass G - 3 worthless pieces of black glass L - an aquamarine stone N - a worthless piece of yellowish brown glass O - a worthless piece of orange glass R - a topaz stone Y - a worthless piece of white glass Spells and supernatural/magical abilities: Name Level Category Fail Memory x - extra healing 3 healing 57% 85% B - cure blindness 2 healing 20% 85% W - pray for help -- divine ? -- X - turn undead -- divine ? -- Your skills at the end: Fighting Skills Weapon Skills mace [Basic] Spellcasting Skills clerical spells [Basic] Final Attributes: You were piously aligned. You were sleep resistant. You had infravision. You are dead. Vanquished creatures: 2 small mimics a gnome king 3 human zombies a rope golem a fog cloud 5 gnome lords 5 gnomish wizards a black naga hatchling 2 guardian naga hatchlings a gray ooze an elf zombie 2 straw golems 2 baby crocodiles a kitten 7 dwarves a kobold lord a gas spore 3 hobbits a cave spider a red mold 26 gnomes a gecko 2 foxes 2 kobolds 2 goblins 3 sewer rats 2 grid bugs 4 lichens 2 kobold zombies a newt 87 creatures vanquished. Voluntary challenges: You had been an atheist until turn 2096. You used a wielded weapon 148 times, starting on turn 23. You read items or engraved 3 times, starting on turn 1198. You never genocided any monsters. You never polymorphed an object. You never changed form. You used no wishes. You never split a pudding. You never wrote Elbereth's name. You never violated your personal moral code. Dungeon overview: The Dungeons of Doom: levels 1 to 2 Level 1 a long staircase Level 2 stairs to The Gnomish Mines The Gnomish Mines: levels 3 to 6 Level 3 stairs to The Dungeons of Doom Level 4 Level 5 Level 6 <- You were here many shops, a temple to Brigit, some fountains History has recorded: On T:1 you entered the Dungeons of Doom to retrieve the Amulet of Yendor! On T:243 you reached level 2 of The Dungeons of Doom. On T:307 you advanced to experience level 2. On T:928 you advanced to experience level 3. On T:1002 you reached level 1 of The Gnomish Mines. On T:1047 you advanced to experience level 4. On T:1356 you advanced to experience level 5. On T:1388 you reached level 2 of The Gnomish Mines. On T:1629 you advanced to experience level 6. On T:1932 you reached level 3 of The Gnomish Mines. On T:2436 you reached level 4 of The Gnomish Mines. On T:2570 you advanced to experience level 7. Score breakdown: Gold: 76 ( 6417 points) Experience: 7 levels (13645 points) Exploration: 6 levels ( 12.24%) ( 9682 points) Discoveries: 10 items ( 3.50%) ( 5609 points) Valuables value: (no points given unless you survive) Artifact value: 0 ( 0 points) Variety of kills: 30 monsters ( 7.87%) ( 8418 points) Turncount: 3187 turns ( -689 points) Survival: died (score multiplied by 80%) Total score: 34465 Latest messages: Mrp misses the rope golem. You hit the rope golem! The rope golem hits! The rope golem misses. You are being choked. The snake bites! Mrp misses the rope golem. You hit the rope golem. The rope golem hits! (2x) You are being choked. The snake misses. Mrp misses the rope golem. The gnome just misses! Mrp bites the rope golem. The rope golem is destroyed! You fail to cast the spell correctly. The snake bites! Mrp bites the gnome. The gnome is killed! The snake bites! You die... Final status: Goodbye Plum the Priest, killed by a snake... You died in The Gnomish Mines on dungeon level 6 with 34465 points, and 76 pieces of gold, after 3187 moves. You were level 7 with a maximum of 55 hit points when you died.